 Dungeon Crawl Stone Soup version 0.31.0-32-g396128a36d (webtiles) character file.

Game seed: 17450757505980262842

120021 booth the Severer (level 16, -12/156 HPs)
             Began as a Minotaur Monk on Mar 29, 2024.
             Was a High Priest of Okawaru.
             Mangled by an enormous slime creature (55 damage)
             ... on level 1 of the Pits of Slime on Mar 31, 2024.
             The game lasted 02:55:00 (29532 turns).

booth the Severer (Minotaur Monk)                  Turns: 29532, Time: 02:55:01

Health: -12/156    AC: 21    Str: 23    XL:     16   Next: 29%
Magic:  0/21       EV: 13    Int:  7    God:    Okawaru [*****.]
Gold:   963        SH:  0    Dex: 12    Spells: 15/15 levels left

rFire   + + .        R - +4 broad axe (flame)
rCold   + . .        (no shield)
rNeg    . . .        F - +0 plate armour of Qahent {rElec rPois rCorr Dex-3}
rPois   +            H - +1 hat "Atafrinu" {Will++}
rElec   +            G - scarf {rC+ rF+}
rCorr   +            j - +2 pair of gloves {Str+3}
SInv    .            X - +2 pair of boots {Stlth+}
Will    +++..        q - amulet of guardian spirit
Stlth   +            s - ring of protection from fire
HPRegen 0.46/turn    u - +4 ring of protection
MPRegen 0.17/turn

%: guardian spirit
@: heroic, corroded
A: horns 2, retaliatory headbutt, deterioration 1, dopey 1, low MP 1
a: Renounce Religion, Heroism, Finesse, Duel


You were on level 1 of the Pits of Slime.
You worshipped Okawaru.
Okawaru was extremely pleased with you.
You visited 6 branches of the dungeon, and saw 25 of its levels.

You collected 2599 gold pieces.
You spent 1636 gold pieces at shops.

Inventory:

Hand Weapons
 A - a +2 flail of holy wrath
 R - a +4 broad axe of flaming (weapon)
 Y - a +0 battleaxe
Missiles
 d - 17 atropa-tipped darts
 k - 13 boomerangs (quivered)
 r - 36 poisoned darts
 E - 13 silver javelins
 J - 6 javelins
 O - 2 throwing nets
 U - 2 datura-tipped darts
Armour
 j - a +2 pair of gloves of strength (worn)
 z - a +2 cloak
 F - the +0 plate armour of Qahent (worn) {rElec rPois rCorr Dex-3}
   (You bought it in a shop on level 7 of the Dungeon)

   Dex-3:     It affects your dexterity (-3).
   rElec:     It insulates you from electricity.
   rPois:     It protects you from poison rCorr: It protects you from acid and
   corrosion.
 G - a scarf of resistance (worn)
 H - the +1 hat "Atafrinu" (worn) {Will++}
   (You found it on level 2 of the Lair of Beasts)

   Will++:    It greatly increases your willpower.
 X - a +2 pair of boots of stealth (worn)
Jewellery
 q - an amulet of guardian spirit (around neck)
 s - a ring of protection from fire (left hand)
 u - a +4 ring of protection (right hand)
Wands
 h - a wand of polymorph (16)
 o - a wand of acid (4)
 p - a wand of flame (34)
 t - a wand of roots (28)
 x - a wand of mindburst (26)
 C - a wand of digging (7)
Scrolls
 a - a scroll of silence
 b - 2 scrolls of revelation
 f - 3 scrolls of immolation
 i - a scroll of fog
 n - 9 scrolls of teleportation
 B - a scroll of blinking
 K - a scroll of vulnerability
 S - a scroll of brand weapon
 Z - 2 scrolls of identify
Potions
 c - a potion of ambrosia
 g - 7 potions of enlightenment
 l - 5 potions of attraction
 m - a potion of invisibility
 v - 3 potions of cancellation
 w - 2 potions of lignification
 D - 4 potions of curing
 I - 5 potions of haste
 M - 2 potions of berserk rage
 P - 2 potions of mutation
 T - 2 potions of might
 V - a potion of heal wounds
Miscellaneous
 e - a lightning rod (4/4)
 N - a tin of tremorstones (2/2)
 W - a phial of floods


   Skills:
 + Level 17.6(22.6) Fighting
 + Level 18.5(23.5) Axes
 + Level 10.0(15.0) Throwing
 - Level 11.2(16.2) Armour
 + Level 11.5(16.5) Dodging
 - Level 5.7(10.7) Stealth
 + Level 12.0 Invocations


You had 15 spell levels left.
You didn't know any spells.
Your spell library contained the following spells:

 Spells                   Type           Power      Damage    Failure   Level
 Kiss of Death            Conj/Necr      0%         2d5       98%         1
 Magic Dart               Conj           0%         1d3       98%         1
 Shock                    Conj/Air       0%         1d3       98%         1
 Blink                    Tloc           0%         N/A       99%         2
 Ensorcelled Hibernation  Hex/Ice        0%         N/A       99%         2
 Lesser Beckoning         Tloc           0%         N/A       99%         2
 Mercury Vapours          Alch/Air       0%         N/A       99%         2
 Momentum Strike          Conj/Tloc      0%         3d8       99%         2
 Searing Ray              Conj           0%         2d4       99%         2
 Sublimation of Blood     Necr           0%         N/A       99%         2
 Confusing Touch          Hex            0%         N/A       100%        3
 Inner Flame              Hex/Fire       0%         N/A       100%        3
 Mephitic Cloud           Conj/Alch/Air  0%         N/A       100%        3
 Passwall                 Erth           0%         N/A       100%        3
 Swiftness                Air            0%         N/A       100%        3
 Airstrike                Air            0%         2d(0-16)  100%        4
 Dimensional Bullseye     Hex/Tloc       0%         N/A       100%        4
 Dispel Undead            Necr           0%         3d6       100%        4
 Fulminant Prism          Conj/Alch      0%         3d5       100%        4
 Iskenderun's Mystic Bla  Conj/Tloc      0%         2d3       100%        4
 Petrify                  Alch/Erth      0%         N/A       100%        4
 Freezing Cloud           Conj/Ice/Air   0%         6-21      100%        5
 Irradiate                Conj/Alch      0%         3d11      100%        5
 Lee's Rapid Deconstruct  Erth           0%         3d4*      100%        5
 Ignition                 Fire           0%         3d3       100%        8
 Call Imp                 Summ           Unusable   N/A       N/A         2
 Tukima's Dance           Hex            Unusable   N/A       N/A         3
 Animate Armour           Summ/Erth      Unusable   N/A       N/A         4
 Summon Lightning Spire   Summ/Air       Unusable   N/A       N/A         4

Dungeon Overview and Level Annotations

Branches:
Dungeon (15/15)            Temple (1/1) D:4            Lair (5/5) D:8
 Shoals (0/4) Lair:3       Spider (1/4) Lair:3        Slime (1/5) Lair:5
    Orc (2/2) D:10            Elf (0/3) Orc:2        Vaults (0/5) D:13
 Depths (0/4) D:15

Altars:
Ashenzari
Cheibriados
Dithmenos
Elyvilon
Fedhas
Gozag
Hepliaklqana
Kikubaaqudgha
Makhleb
Nemelex Xobeh
Okawaru
Qazlal
Ru
Sif Muna
Trog
Uskayaw
Vehumet
Wu Jian
Xom
Yredelemnul
Zin
The Shining One

Shops:
D:7 [   D:9 :   D:11 (   D:13 (   Orc:2 !(:?

Annotations:
D:6 3 runed translucent doors, Burzz's ghost, novice DrFE


Innate Abilities, Weirdness & Mutations

You have a pair of horns on your head.
You reflexively headbutt those who attack you in melee.
Your body sometimes deteriorates upon taking damage.
You are dopey. (Int -2)
Your magical capacity is low. (-10% MP)


Message History

You headbutt the slime creature.
The slime creature is heavily wounded.
You slice the large slime creature!! You burn the large slime creature.
A slime creature comes into view.
The large slime creature hits you. The slime creature closely misses you.
You furiously retaliate!
You headbutt the slime creature, but do no damage.
You hit the slime creature. You burn the slime creature.
You headbutt the slime creature, but do no damage.
The slime creature is severely wounded.
You slash the large slime creature! You burn the large slime creature.
You slash the slime creature! You burn the slime creature.
The slime creature hits you but does no damage.
Two slime creatures merge to form a very large slime creature.
The slime creature hits you but does no damage.
You slice the slime creature!! You burn the slime creature.
You kill the slime creature!
Okawaru accepts your kill.
You hit the very large slime creature but do no damage.
You hit the slime creature. You burn the slime creature.
Your Invocations skill increases to level 12!
You slash the slime creature! You burn the slime creature.
The slime creature is severely wounded.
You slash the very large slime creature!
You burn the very large slime creature. The slime creature misses you.
The very large slime creature hits you!
* * * LOW HITPOINT WARNING * * *
You feel much better.
The slime creature hits you but does no damage.
The very large slime creature closely misses you.
You furiously retaliate!
You headbutt the very large slime creature, but do no damage.
Two slime creatures merge to form an enormous slime creature.
The slime creature hits you but does no damage.
You slash the enormous slime creature! You burn the enormous slime creature.
You headbutt the enormous slime creature, but do no damage.
The enormous slime creature is moderately wounded.
You hit the slime creature. You burn the slime creature.
The enormous slime creature hits you!!!
You die...

##.### ##..........#
##.#...##......#.....
...................#
#.#..............#
##.##............##
#...##...........#
##....#......#..#...#
#.....J..............#
#...@J....^.##...8..#
#.........#.###.....#
##...#.......# #...##
##.#.......## .#..
##.#.......## # ##
#...........#.# .#.##
##.##..........
.....##..............
..........#.....#...#


You could see an enormous slime creature and a slime creature.

Vanquished Creatures
  2 acid blobs (Slime:1)
  Frances (Spider:1)
  A storm dragon (D:15)
  2 orc warlords
  Snorg (Orc:2)
  Azrael (D:13)
  A great orb of eyes (D:15)
  4 catoblepae
  A vault guard (D:13)
  3 ogre magi
  6 centaur warriors
  9 hydras
  An anaconda (Lair:3)
  A death knight (D:15)
  6 boulder beetles
  A radroach (Spider:1)
  A deep troll earth mage (D:15)
  A tengu warrior (D:13)
  11 two-headed ogres
  A hell hog (Lair:5)
  A demonic crawler (Spider:1)
  A deep elf knight (D:13)
  Nergalle (Orc:2)
  A pharaoh ant (Spider:1)
  2 orb spiders
  A sun moth (Spider:1)
  A steelbarb worm (Spider:1)
  4 wolf spiders (Spider:1)
  5 necromancers (D:13)
  12 orc sorcerers
  2 deep elf pyromancers
  4 cyclopes
  A shining eye (Slime:1)
  A meliai (shapeshifter) (D:14)
  18 elephants
  16 ugly things
  An ice statue (Lair:2)
  3 manticores
  Joseph (D:9)
  A black mamba (Lair:5)
  A kobold blastminer (Orc:2)
  A gargoyle (D:13)
  An unseen horror (D:11)
  5 rime drakes
  8 cane toads
  2 efreet (D:15)
  5 komodo dragons
  An ice devil (Lair:2)
  7 trolls
  A hornet (D:15)
  4 raiju (Lair:5)
  7 blink frogs (Lair:5)
  15 polar bears
  Prince Ribbit (D:7)
  5 dream sheep (Lair:5)
  15 tarantellas (Spider:1)
  Grinder (D:6)
  A dream sheep (shapeshifter) (D:15)
  8 jumping spiders (Spider:1)
  Sigmund (D:5)
  A centaur simulacrum (D:15)
  5 culicivoras (Spider:1)
  2 shadows
  4 wraiths
  26 slime creatures
  A fire elemental (D:13)
  A yak (shapeshifter) (D:15)
  38 yaks
  17 humans (D:13)
  2 wyverns
  Grum (D:8)
  4 wargs
  3 basilisks
  3 steam dragons
  7 vampire mosquitoes
  20 redbacks (Spider:1)
  Duvessa (D:4)
  3 acid dragons
  22 water moccasins
  16 hell hounds
  4 ice beasts
  5 orc warriors
  12 black bears
  14 ogres
  A sky beast (D:6)
  2 boggarts (D:10)
  3 laughing skulls
  20 wolves
  14 centaurs
  2 phantoms (D:5)
  2 kobold brigands
  3 gnoll sergeants
  10 bullfrogs
  3 scorpions
  5 wights (D:8)
  Dowan (D:4)
  5 killer bees (D:7)
  3 electric eels
  3 howler monkeys
  2 bombardier beetles (D:5)
  9 jellies
  6 hounds
  10 orc priests
  4 sleepcaps
  5 hell rats (Lair:4)
  Natasha (thrice) (D:4)
  2 iguanas
  24 orc wizards
  13 gnolls
  12 adders
  A river rat (D:5)
  A shadow imp (D:6)
  4 white imps (Lair:2)
  A ribbon worm (D:3)
  4 dart slugs
  84 orcs
  3 ball pythons
  3 bats
  5 endoplasms
  4 giant cockroaches
  10 goblins
  6 hobgoblins
  11 jackals
  11 kobolds
  4 quokkas
  5 frilled lizards
  12 rats
770 creatures vanquished.

Vanquished Creatures (others)
  A polar bear (Lair:5)
  A warg (Lair:5)
  An orc (Orc:1)
3 creatures vanquished.

Grand Total: 773 creatures vanquished

Notes
Turn   | Place    | Note
-------+----------+-------------------------------------------
     0 | D:1      | booth the Minotaur Monk began the quest for the Orb.
     0 | D:1      | Reached XP level 1. HP: 19/19 MP: 0/0
    17 | D:1      | Found a faded altar of an unknown god.
    70 | D:1      | Reached XP level 2. HP: 27/27 MP: 1/1
    81 | D:1      | Reached skill level 4 in Axes
   335 | D:1      | Reached skill level 1 in Armour
   335 | D:1      | Reached XP level 3. HP: 32/33 MP: 2/2
   932 | D:2      | Reached skill level 5 in Axes
   932 | D:2      | Reached XP level 4. HP: 26/41 MP: 3/3
  1272 | D:3      | Reached XP level 5. HP: 47/47 MP: 4/4
  1500 | D:3      | Reached skill level 5 in Fighting
  1505 | D:3      | Reached skill level 6 in Axes
  1795 | D:3      | Found a shimmering blue altar of Sif Muna.
  1965 | D:4      | Noticed Duvessa
  1965 | D:4      | Noticed Dowan
  1982 | D:4      | Killed Dowan
  1983 | D:4      | Reached XP level 6. HP: 35/56 MP: 5/5
  1986 | D:4      | Killed Duvessa
  1990 | D:4      | Reached skill level 7 in Axes
  2229 | D:4      | Noticed Natasha
  2295 | D:4      | Killed Natasha
  2425 | D:4      | Found a staircase to the Ecumenical Temple.
  2431 | D:4      | Noticed Natasha
  2439 | D:4      | Killed Natasha
  2440 | D:4      | Reached XP level 7. HP: 56/62 MP: 4/6
  2446 | Temple   | Entered the Ecumenical Temple
  2466 | Temple   | Became a worshipper of Warmaster Okawaru
  2466 | Temple   | Reached * piety under Okawaru
  2466 | Temple   | Reached ** piety under Okawaru
  2597 | D:4      | Noticed Natasha
  2603 | D:4      | Killed Natasha
  2936 | D:5      | Entered Level 5 of the Dungeon
  3026 | D:5      | Reached skill level 8 in Axes
  3133 | D:5      | Reached skill level 5 in Armour
  3137 | D:5      | Reached XP level 8. HP: 62/71 MP: 7/7
  3362 | D:5      | Reached skill level 9 in Axes
  3382 | D:5      | Noticed Sigmund
  3402 | D:5      | Killed Sigmund
  3652 | D:5      | Reached *** piety under Okawaru
  3708 | D:5      | Identified the +12 rapier of the Tired Artists {freeze,
                  | Int+3}
  3802 | D:5      | Reached skill level 11 in Axes
  3802 | D:5      | Reached XP level 9. HP: 84/84 MP: 8/8
  3885 | D:6      | Found a glowing golden altar of the Shining One.
  4311 | D:6      | Found a runed translucent gate.
  4311 | D:6      | Found a runed translucent gate.
  4311 | D:6      | Found a runed translucent gate.
  4312 | D:6      | Noticed Burzz's ghost (novice DrFE)
  4313 | D:6      | Noticed a kobold demonologist
  4420 | D:6      | Found a sparkling altar of Nemelex Xobeh.
  4465 | D:6      | Noticed Grinder
  4475 | D:6      | Killed Grinder
  4512 | D:6      | Reached XP level 10. HP: 86/93 MP: 9/9
  5199 | D:7      | Noticed Prince Ribbit
  5220 | D:7      | Killed Prince Ribbit
  5228 | D:7      | Found Opirphohi's Armour Shoppe.
  5231 | D:7      | Bought a +2 ring mail of poison resistance for 270 gold
                  | pieces
  5299 | D:7      | Reached **** piety under Okawaru
  5300 | D:7      | Reached skill level 10 in Fighting
  5962 | D:8      | Found a sacrificial altar of Ru.
  6034 | D:8      | Reached skill level 5 in Throwing
  6218 | D:8      | Noticed Grum
  6238 | D:8      | Reached skill level 12 in Axes
  6256 | D:8      | Killed Grum
  6848 | D:8      | Found a staircase to the Lair.
  7167 | D:9      | Reached skill level 5 in Stealth
  7444 | D:9      | Found Suwuot's Self-Improvement Boutique.
  7492 | D:9      | Reached XP level 11. HP: 101/101 MP: 10/10
  7571 | D:9      | Noticed Joseph
  7582 | D:9      | Killed Joseph
  7848 | D:10     | Entered Level 10 of the Dungeon
  7848 | D:10     | Noticed a two-headed ogre
  7855 | D:10     | Killed a two-headed ogre
  7855 | D:10     | Reached ***** piety under Okawaru
  8420 | D:10     | Noticed a two-headed ogre
  8437 | D:10     | Killed a two-headed ogre
  8463 | D:10     | Found an opulent altar of Gozag.
  8480 | D:10     | Found a glowing silver altar of Zin.
  8526 | D:10     | Identified the +0 pair of gloves of Mausel {rC- Str+5
                  | Dex+4}
  8563 | D:10     | Noticed a two-headed ogre
  8563 | D:10     | Noticed a two-headed ogre
  8582 | D:10     | Killed a two-headed ogre
  8583 | D:10     | Reached skill level 1 in Invocations
  8666 | D:10     | Killed a two-headed ogre
  8667 | D:10     | Reached skill level 13 in Axes
  8803 | D:10     | Found a staircase to the Orcish Mines.
  8933 | Lair:1   | Entered Level 1 of the Lair of Beasts
  8949 | Lair:1   | Received a gift from Okawaru
 10012 | Lair:2   | Identified the +1 hat "Atafrinu" {Will++}
 10020 | Lair:2   | Noticed a six-headed hydra
 10028 | Lair:2   | Killed a six-headed hydra
 10029 | Lair:2   | Reached XP level 12. HP: 98/112 MP: 8/13
 10091 | Lair:2   | Noticed a seven-headed hydra
 10104 | Lair:2   | Killed a seven-headed hydra
 10921 | Lair:2   | Reached skill level 14 in Axes
 11039 | Lair:2   | Received a gift from Okawaru
 11040 | Lair:2   | Reached skill level 5 in Invocations
 11056 | Lair:2   | Identified the staff of the Shrinking King {rElec Str+3
                  | Air}
 11159 | Lair:3   | Noticed a five-headed hydra
 11165 | Lair:3   | Killed a five-headed hydra
 11432 | Lair:3   | Found a hole to the Spider Nest.
 12076 | Lair:3   | Noticed an anaconda
 12092 | Lair:3   | Killed an anaconda
 12272 | Lair:3   | Found a staircase to the Shoals.
 13014 | Lair:4   | Found a gate leading to a gauntlet.
 13029 | Lair:4   | Reached skill level 15 in Axes
 13104 | Lair:4   | Reached XP level 13. HP: 84/123 MP: 9/17
 13616 | Lair:4   | Received a gift from Okawaru
 14214 | Lair:5   | Entered Level 5 of the Lair of Beasts
 15126 | Lair:5   | Received a gift from Okawaru
 15337 | Lair:5   | Reached skill level 10 in Armour
 15522 | Lair:5   | Reached skill level 16 in Axes
 16209 | Lair:5   | Reached skill level 15 in Fighting
 16315 | Lair:5   | Received a gift from Okawaru
 16440 | Lair:5   | HP: 6/126 [black mamba (3)]
 16785 | Lair:5   | Reached XP level 14. HP: 122/135 MP: 15/19
 17124 | Lair:5   | Identified the +4 ring mail of the Tormentor {rPois Dex+5}
 17404 | Lair:5   | Found a staircase to the Slime Pits.
 17672 | D:11     | Found Vadwa's Weapon Shoppe.
 17689 | D:11     | Bought a +2 broad axe of flaming for 288 gold pieces
 19770 | D:13     | Found Kaler's Antique Weapon Boutique.
 20332 | D:7      | Bought the +0 plate armour of Qahent {rElec rPois rCorr
                  | Dex-3} for 607 gold pieces
 20598 | D:13     | Noticed Azrael
 20721 | D:13     | Killed Azrael
 20948 | D:13     | Reached skill level 17 in Axes
 21004 | D:13     | Reached skill level 10 in Invocations
 21047 | D:13     | Received a gift from Okawaru
 21391 | D:13     | Found a gate to the Vaults.
 22584 | D:14     | Reached XP level 15. HP: 100/145 MP: 14/21
 22918 | D:14     | Found a white marble altar of Elyvilon.
 23332 | D:7      | Bought a +1 pair of boots of stealth for 247 gold pieces
 23452 | D:15     | Entered Level 15 of the Dungeon
 23715 | D:15     | Received a gift from Okawaru
 23716 | D:15     | Reached skill level 10 in Dodging
 24141 | D:15     | Found a staircase to the Depths.
 24746 | D:15     | Noticed a storm dragon
 24762 | D:15     | Killed a storm dragon
 24999 | Orc:1    | Entered Level 1 of the Orcish Mines
 25364 | Orc:2    | Entered Level 2 of the Orcish Mines
 25364 | Orc:2    | Noticed Snorg
 25376 | Orc:2    | Killed Snorg
 25379 | Orc:2    | Reached skill level 18 in Axes
 25503 | Orc:2    | Found a staircase to the Elven Halls.
 25563 | Orc:2    | Found Esootedd's Magic Scroll Boutique.
 25584 | Orc:2    | Bought a scroll of enchant armour for 120 gold pieces
 25623 | Orc:2    | Found Odothe Miep's Distillery.
 25679 | Orc:2    | Found an ancient bone altar of Kikubaaqudgha.
 25680 | Orc:2    | Noticed Nergalle
 25694 | Orc:2    | Killed Nergalle
 25744 | Orc:2    | Found Haklyigute's Antique Weapon Shop.
 25827 | Orc:2    | Found a radiant altar of Vehumet.
 25915 | Orc:2    | Found Uhaob's Book Shop.
 25970 | Orc:2    | Bought a potion of heal wounds for 65 gold pieces
 25970 | Orc:2    | Bought a potion of curing for 39 gold pieces
 26592 | Orc:1    | Received a gift from Okawaru
 26864 | Spider:1 | Entered Level 1 of the Spider Nest
 27812 | Spider:1 | Reached XP level 16. HP: 146/155 MP: 21/23
 28327 | Spider:1 | Received a gift from Okawaru
 28490 | Spider:1 | Noticed Frances
 28890 | Spider:1 | Killed Frances
 29326 | Slime:1  | Entered Level 1 of the Pits of Slime
 29343 | Slime:1  | Gained mutation: Your body sometimes deteriorates upon
                  | taking damage. [a shining eye]
 29352 | Slime:1  | Gained mutation: Your magical capacity is low. (-10% MP) [a
                  | shining eye]
 29354 | Slime:1  | Gained mutation: You are dopey. (Int -2) [a shining eye]
 29412 | Slime:1  | Noticed an acid blob
 29423 | Slime:1  | Killed an acid blob
 29496 | Slime:1  | Noticed an acid blob
 29512 | Slime:1  | Killed an acid blob
 29521 | Slime:1  | Reached skill level 10 in Throwing
 29532 | Slime:1  | Mangled by an enormous slime creature

Illustrated notes

Levels and vault maps discovered:
D:1:      dpeg_arrival_long_road, layout_basic,
          ebering_ecumenical_altar_petrified
D:2:      layout_basic
D:3:      layout_basic, nicolae_overflow_crystal_walls
D:4:      layout_cave_pools, minmay_temple_entry_drinking_statues, uniq_duvessa,
          uniq_natasha
D:5:      layout_loops_ring, portal_sewer_entry_b, uniq_sigmund
D:6:      layout_loops_ring, mainiacjoe_overflow_catwalk,
          nemelex_xobeh_ov_fountains_minmay, gammafunk_ghost_nasty_kobolds,
          serial_rivers, chequers_serial_rivers_micro_b,
          chequers_serial_rivers_micro_e, chequers_serial_rivers_room_b,
          chequers_serial_rivers_micro_d, chequers_serial_rivers_small_b,
          chequers_serial_rivers_large_a, uniq_grinder
D:7:      layout_basic, serial_shops, nicolae_shop_real_fake_doors,
          corexii_checkpoint, uniq_prince_ribbit1
D:8:      layout_gridville, mainiacjoe_overflow_boulevard, lair_entry_dummy,
          fungi_pond_lemuel, uniq_grum
D:9:      layout_roguey, nicolae_shop_self_help, uniq_joseph
D:10:     layout_rooms, grunt_temple_overflow_gold_and_silver,
          hiddenorc2_lemuel, nicolae_phantomly_mirrored
D:11:     layout_loops_ring, serial_shops, nicolae_shop_waterfront
D:12:     layout_irregular_city
D:13:     nzn_motion_control, layout_cave_pools, grunt_vaults_entry_tiered,
          serial_shops, nicolae_shop_trees, uniq_azrael
D:14:     layout_irregular_city, minmay_staircase_windowed_large,
          nicolae_elyvilon_peaceful_grove
D:15:     hellmonk_depths_entry_around_the_bend, layout_basic,
          chequers_serial_rivers_room_b, hangedman_corner_corridor
Temple:   lightli_temple_of_artemis
Lair:1:   layout_roguey
Lair:2:   layout_gridlike, ice2_lemuel, infiniplex_staircase_pool_2
Lair:3:   layout_chaotic_city, minmay_shoals_entry_hut,
          nicolae_spider_entry_orb_guardian, hellmonk_talismancer
Lair:4:   layout_gridlike, gauntlet_entry_generic, serial_bayou,
          serial_bayou_pond_a, serial_bayou_crossing, serial_bayou_pond_a,
          serial_bayou_pond_d, grunt_forest_small_clearing_treed
Lair:5:   hangedman_lair_caniforms_friends, layout_regular_city,
          nicolae_slime_entry_slimehenge, grunt_megastairs_2
Spider:1: layout_spider_delve, hangedman_spider_tarantella_strand, uniq_frances
Slime:1:  layout_caves, special_room [special_room_jelly],
          cheibrodos_slime_lost_civilization_4
Orc:1:    layout_caves
Orc:2:    kennysheep_orc_mage_school, layout_diamond_mine, uniq_snorg

Skill      XL: |  1  2  3  4  5  6  7  8  9 10 11 12 13 14 15 16 |
---------------+-------------------------------------------------+-----
Fighting       | 4 5 6 9 10 12 13 15 16 17 | 17.6
Axes           | 4 5 6 7 8 11 12 13 15 16 17 18 | 18.5
Armour         | 1 2 3 5 8 10 11 | 11.2
Throwing       | 4 5 6 7 9 10 | 10.0
Dodging        | 6 7 8 9 11 | 11.5
Stealth        | 4 5 |  5.7
Invocations    | 3 6 9 10 11 12 | 12.0

Action                     |  1- 3 |  4- 6 |  7- 9 | 10-12 | 13-15 | 16-18 || total
---------------------------+-------+-------+-------+-------+-------+-------++-------
  Melee: Hand axe          |    60 |   119 |   183 |       |       |       ||   362
         Headbutt          |    11 |    18 |    50 |   159 |   311 |    41 ||   590
         Unarmed           |       |    19 |       |       |       |       ||    19
         Punch             |       |       |     3 |    19 |    38 |     1 ||    61
         War axe           |       |       |    21 |   584 |   425 |       ||  1030
         Flail             |       |       |       |     7 |    32 |       ||    39
         Broad axe         |       |       |       |       |   764 |   122 ||   886
  Throw: Dart              |       |     4 |       |       |       |     2 ||     6
         Boomerang         |       |       |     3 |   134 |   195 |    33 ||   365
         Javelin           |       |       |       |     8 |     5 |       ||    13
 Invoke: Heroism           |       |       |       |    20 |    39 |     2 ||    61
         Finesse           |       |       |       |       |     4 |       ||     4
  Evoke: Wand              |       |     2 |       |       |       |       ||     2
    Use: Scroll            |     3 |     5 |     5 |     8 |    12 |       ||    33
         Potion            |       |     5 |     2 |     5 |     7 |     2 ||    21
   Stab: Invisible         |       |     5 |       |       |       |       ||     5
         Sleeping          |       |       |       |     4 |     2 |       ||     6
         Distracted        |       |       |       |     1 |       |       ||     1
 Armour: Robe              |    22 |       |       |       |       |       ||    22
         Ring mail         |    22 |    63 |   117 |   444 |   500 |       ||  1146
         Skin              |       |    19 |       |       |       |       ||    19
         Plate armour      |       |       |       |       |   571 |   134 ||   705
  Dodge: Dodged            |    40 |    95 |    81 |   464 |   777 |    52 ||  1509
